Map: Catalyst LE

Players

Caretaker

  • Race: Protoss Protoss
  • Spawn Location: 11:00

LarvaHealer - Winner!

  • Race: Zerg Zerg
  • League: Platinum
  • Spawn Location: 5:00

VOD

Have the link to the VOD?

Description

Time

  • Played on: Dec. 1, 2017, 7:14 a.m.
  • Length: 7:11
Show
View Real Time Build Order
Export as new Build Order

Caretaker Protoss 

Build Orders: Cannon Rush 

Get SALT Encoding   

  12  0:01  Probe (Chrono Boost)  
  13  0:13  Probe (Chrono Boost)  
  14  0:20  Pylon  
  14  0:40  Forge  
  14  0:48  Pylon  
  14  1:16  Photon Cannon  
  14  1:18  Photon Cannon  
  14  1:20  Photon Cannon  
  14  1:27  Pylon  
  14  1:52  Pylon  
  14  1:56  Probe (Chrono Boost)  
  15  2:08  Probe (Chrono Boost)  
  16  2:11  Probe  
  17  2:19  Photon Cannon  
  17  2:24  Photon Cannon  
  17  2:48  Photon Cannon  
  17  2:56  Photon Cannon  
  17  2:58  Photon Cannon  
  17  3:07  Nexus  
  17  3:11  Assimilator  
  17  3:33  Pylon  
  16  3:45  Gateway  
  16  3:48  Gateway  
  16  3:59  Probe (Chrono Boost)  
  17  4:04  Assimilator  
  17  4:19  Probe (Chrono Boost)  
  19  4:32  Probe (Chrono Boost)  
  19  4:34  Probe  
  20  4:40  Cybernetics Core  
  20  4:48  Probe (Chrono Boost)  
  22  4:53  Probe (Chrono Boost)  
  24  5:00  Probe x2 (Chrono Boost)  
  24  5:02  Probe  
  25  5:10  Probe  
  26  5:14  Probe  
  26  5:18  Stargate  
  27  5:22  Probe  
  27  5:25  Stargate  
  27  5:27  Probe  
  29  5:34  Probe (Chrono Boost), Assimilator  
  30  5:35  Assimilator  
  31  5:43  Probe (Chrono Boost)  
  31  5:46  Probe (Chrono Boost)  
  31  5:48  Stalker  
  31  5:49  Probe x2 (Chrono Boost), Stalker  
  38  6:10  Pylon  
  38  6:12  Pylon  
  38  6:27  Void Ray (Chrono Boost)  
  38  6:28  Probe  
  44  6:40  Probe  
Show
View Real Time Build Order
Export as new Build Order

LarvaHealer Zerg - Winner!

Build Orders: Pool First 

Get SALT Encoding   

  12  0:01  Drone  
  13  0:14  Overlord  
  13  0:18  Drone  
  14  0:33  Drone  
  14  0:34  Drone  
  16  0:37  Drone  
  17  0:51  Drone, Spawning Pool  
  17  0:54  Extractor  
  16  0:58  Drone  
  17  1:41  Zergling x6  
  19  1:55  Hatchery  
  19  1:56  Queen  
  19  2:22  Zergling x4  
  21  2:23  Zergling x2, Roach Warren  
  16  3:09  Queen  
  16  3:10  Roach  
  16  3:11  Roach x2  
  22  3:25  Roach x2  
  25  3:35  Drone  
  26  3:44  Ravager  
  26  3:47  Ravager  
  28  4:09  Overlord x2  
  28  4:36  Drone x4  
  33  4:38  Drone x3  
  36  4:45  Ravager  
  36  4:48  Ravager  
  37  5:33  Queen  
  39  5:47  Drone x5  
  44  5:54  Hatchery  
  43  6:04  Zergling x2  
  44  6:12  Lair  
  44  6:25  Overlord x3  
  41  6:48  Roach  
  41  6:49  Roach x4  
Tags
 
Add a new tag
Caveats
  • Supply blocks, unpowered buildings, or Contaminate may cause inaccurate times.
  • Supply counts are checked every 10 seconds.